 Dungeon Crawl Stone Soup version 0.30-a0-728-gc68057be0a (webtiles) character file.

Game seed: 13312672850003479073

5912 browni3141 the Geomancer (level 11, 0/81 HPs)
             Began as a Human Earth Elementalist on Jan 30, 2023.
             Was a Priest of Kikubaaqudgha.
             Killed by the air
             ... invoked by Gastronok
              (28 damage)
             ... on level 9 of the Dungeon.
             The game lasted 00:17:41 (9310 turns).

browni3141 the Geomancer (Human Earth Elementalist) Turns: 9310, Time: 00:17:42

Health: 0/81       AC: 10    Str:  8    XL:     11   Next: 8%
Magic:  25/26      EV: 13    Int: 22    God:    Kikubaaqudgha [***...]
Gold:   567        SH:  0    Dex: 15    Spells: 1/18 levels left

rFire   . . .      SeeInvis .    y - +4 dagger (elec)
rCold   . . .      Faith    .    (no shield)
rNeg    . . .      Spirit   .    I - +0 steam dragon scales
rPois   .          Reflect  .    C - +1 helmet {Int+3}
rElec   .          Harm     .    (no cloak)
rCorr   .          Rampage  +    B - +0 pair of gloves
Will    .....                    o - +1 pair of boots {rampage}
Stlth   +++                      (no amulet)
HPRegen 0.33/turn                L - ring of flight
MPRegen 0.20/turn                N - ring of magical power

@: lethally poisoned (0 -> -1), about to teleport, flying, slowed, very slow
A: no striking features
a: Renounce Religion, Unearth Wretches


You were on level 9 of the Dungeon.
You worshipped Kikubaaqudgha.
Kikubaaqudgha was most pleased with you.
You visited 2 branches of the dungeon, and saw 10 of its levels.

You collected 567 gold pieces.

Inventory:

Hand Weapons
 e - a +0 dagger
 h - a +3 whip
 v - a +1 dagger of holy wrath
 y - a +4 dagger of electrocution (weapon)
 A - a +0 rapier
Missiles
 D - 15 poisoned darts
 K - 2 curare-tipped darts
Armour
 a - a +0 robe
 o - a +1 pair of boots of rampaging (worn)
 w - a +0 helmet
 B - a +0 pair of gloves (worn)
 C - a +1 helmet of intelligence (worn)
 I - +0 steam dragon scales (worn)
Jewellery
 L - a ring of flight (left hand)
 N - a ring of magical power (right hand)
Wands
 E - a wand of mindburst (9)
 F - a wand of roots (5)
Scrolls
 d - a scroll of blinking
 g - 2 scrolls of fear
 i - a scroll of vulnerability
 j - 2 scrolls of teleportation
 k - a scroll of fog
 m - 2 scrolls of identify
 r - a scroll of immolation {unknown}
 s - a scroll of silence
 t - 3 scrolls of enchant weapon
 G - a scroll of magic mapping
Potions
 b - 3 potions of magic
 c - 3 potions of degeneration
 f - 3 potions of curing
 l - a potion of invisibility {unknown}
 n - a potion of berserk rage {unknown}
 p - a potion of brilliance {unknown}
 q - 2 potions of flight {unknown}
 u - a potion of mutation {unknown}
 x - a potion of lignification {unknown}
 z - a potion of might {unknown}
 H - a potion of heal wounds {unknown}
 J - 2 potions of resistance {unknown}
 M - a potion of cancellation {unknown}


   Skills:
 - Level 6.0 Fighting
 - Level 4.0 Short Blades
 - Level 4.0 Dodging
 - Level 5.0 Stealth
 - Level 4.0 Spellcasting
 - Level 3.0 Necromancy
 - Level 4.0 Translocations
 - Level 2.0 Transmutations
 * Level 10.2 Earth Magic
 - Level 5.0 Evocations


You had one spell level left.
You knew the following spells:

 Your Spells              Type           Power      Damage    Failure   Level
a - Sandblast             Erth           98%        2d20      1%          1
b - Passwall              Tmut/Erth      25%        N/A       1%          2
c - Blink                 Tloc           44%        N/A       3%          2
d - Stone Arrow           Conj/Erth      52%        3d10      4%          3
e - Petrify               Tmut/Erth      31%        N/A       9%          4
f - Lee's Rapid Deconstr  Erth           24%        3d13*     4%          5

Your spell library contained the following spells:

 Spells                   Type           Power      Damage    Failure   Level
 Apportation              Tloc           44%        N/A       2%          1
 Necrotise                Necr           68%        1d7       3%          1
 Kiss of Death            Conj/Necr      44%        2d8       6%          1
 Summon Small Mammal      Summ           16%        N/A       11%         1
 Vampiric Draining        Necr           17%        2d7       10%         3
 Cigotuvi's Dreadful Rot  Necr/Pois/Air  16%        N/A       11%         2
 Portal Projectile        Hex/Tloc       26%        N/A       14%         3
 Leda's Liquefaction      Hex/Erth       13%        N/A       14%         4
 Borgnjor's Vile Clutch   Necr/Erth      16%        N/A       21%         5
 Manifold Assault         Tloc           22%        N/A       22%         4
 Call Canine Familiar     Summ           4%         N/A       32%         3
 Ozocubu's Armour         Ice            4%         N/A       32%         3
 Dispel Undead            Necr           17%        3d10      32%         4
 Anguish                  Hex/Necr       5%         N/A       52%         4
 Agony                    Necr           17%        N/A       65%         5
 Statue Form              Tmut/Erth      20%        N/A       80%         6
 Ozocubu's Refrigeration  Ice            2%         4d7       100%        7
 Storm Form               Tmut/Air       4%         N/A       100%        7


Dungeon Overview and Level Annotations

Branches:
Dungeon (9/15)             Temple (1/1) D:5
   Lair: D:8-11         Orc: D:9-12

Altars:
Ashenzari
Dithmenos
Gozag
Hepliaklqana
Kikubaaqudgha
Vehumet
Wu Jian
Yredelemnul
The Shining One

Annotations:
D:4 3 runed translucent doors, exclusion: 3 doors, superbruh's ghost, novice DsNe
D:5 3 runed translucent doors, exclusion: 3 doors, ASSMAN's ghost, amateur DrTm
D:7 2 transporters, exclusion: downstairs, browni3141's ghost, novice HuEE
D:9 Gastronok


Message History

The hornet escapes!
Aiming: Mindburst
Press: ? - help, Shift-Dir - straight line, f - hornet
Aim: a hornet (lightly wounded, chance to affect: 75%)
The hornet's mind is blasted!
The hornet stings you!
You feel yourself slow down.
Aiming: Mindburst
Press: ? - help, Shift-Dir - straight line, f/p - hornet
Aim: a hornet (heavily wounded, chance to affect: 75%)
The hornet's mind is blasted!
The hornet stings you.
You are poisoned.
You feel as though you will be slow longer.
The hornet stings you but does no damage.
The hornet closely misses you.
Aiming: Mindburst
Press: ? - help, Shift-Dir - straight line, f/p - hornet
Aim: a hornet (almost dead, chance to affect: 75%)
The hornet's mind is blasted!!
You blow up the hornet!
Kikubaaqudgha accepts your kill.
You feel very sick. The wraith hits you. The orc closely misses you.
The wraith closely misses you.
Unknown command.
As you read the scroll of fear, it crumbles to dust.
You assume a fearsome visage.
The river rat looks frightened!
The orc looks frightened! x2; The wraith is unaffected.
You feel sick. The wraith hits you! The wraith drains your vigour!
You feel as though you will be slow longer.
You rampage towards the orc!
You feel sick.
Gastronok waves his eye-stalks in wide circles.
The air twists around and strikes you! The river rat bites you.
As you read the scroll of teleportation, it crumbles to dust.
You feel strangely unstable.
You feel sick.
The river rat bites you but does no damage.
The wraith misses you. The river rat misses you.
You feel sick.
Gastronok waves his eye-stalks in wide circles.
The air twists around and strikes you!!
You die...
Kikubaaqudgha rasps: "You have failed me!
Welcome... death!"

#.### ....# #.#.# #.# #.#.#
#### #.## #.#.# ...# ...
...#########r#.###...###.
#.#####.....o..@r#.#.#.........
#.##.......o...W..w.))..)......
#.##.##..#######.#.#.#.........
.#.##.##..# #.#.#.####'####.
.#.#..##..#######.#.#.####.#
..>.............)...........
.#............)##)#.#.####'##
.#.######.........#.#.# ....
.#.# #.#######.#.#.#.....'


You could see Gastronok (swift), a wraith, a river rat (summoned) and 2 orcs.

Vanquished Creatures
  Erica (D:8)
  Pikel (D:9)
  Joseph (D:7)
  Maggie (D:8)
  2 hornets
  2 wyverns
  A steam dragon (D:7)
  4 water moccasins
  Duvessa (D:5)
  3 orc warriors (D:9)
  A sky beast (D:8)
  An ogre (D:5)
  4 centaurs
  Blork the orc (D:5)
  3 kobold brigands
  2 bullfrogs
  3 scorpions
  4 wights (D:8)
  Dowan (D:5)
  13 killer bees
  3 howler monkeys
  3 jellies
  2 orc priests
  3 hounds
  An iguana (D:6)
  Jessica (D:2)
  4 orc wizards
  7 adders
  3 shadow imps
  A worm (D:5)
  2 dart slugs (D:1)
  33 orcs
  8 endoplasms
  3 giant cockroaches
  10 goblins
  6 hobgoblins
  7 jackals
  25 kobolds
  9 quokkas
  7 ball pythons
  5 bats
  5 rats
198 creatures vanquished.

Vanquished Creatures (others)
  A killer bee (D:8)
  A fungus (D:1)
  14 plants (D:7)
16 creatures vanquished.

Grand Total: 214 creatures vanquished

Notes
Turn   | Place    | Note
-------+----------+-------------------------------------------
     0 | D:1      | browni3141 the Human Earth Elementalist began the quest for
                  | the Orb.
     0 | D:1      | Reached XP level 1. HP: 13/13 MP: 3/3
   179 | D:1      | Reached skill level 1 in Fighting
   179 | D:1      | Reached XP level 2. HP: 21/21 MP: 1/5
   182 | D:1      | Learned a level 2 spell: Passwall
   522 | D:1      | Reached XP level 3. HP: 26/26 MP: 4/6
   698 | D:1      | Learned a level 2 spell: Blink
  1169 | D:2      | Noticed Jessica
  1171 | D:2      | Killed Jessica
  1172 | D:2      | Reached skill level 1 in Translocations
  1172 | D:2      | Reached XP level 4. HP: 21/32 MP: 4/7
  1370 | D:2      | Reached skill level 4 in Earth Magic
  1418 | D:2      | Reached XP level 5. HP: 30/37 MP: 1/8
  2872 | D:4      | Found a runed translucent gate.
  2872 | D:4      | Found a runed translucent gate.
  3052 | D:4      | Found a runed translucent gate.
  3053 | D:4      | Noticed superbruh's ghost (novice DsNe)
  3220 | D:4      | Reached XP level 6. HP: 34/43 MP: 2/9
  3690 | D:5      | Entered Level 5 of the Dungeon
  3692 | D:5      | Noticed Blork the orc
  3696 | D:5      | Killed Blork the orc
  3697 | D:5      | Reached skill level 5 in Earth Magic
  3801 | D:5      | Found a radiant altar of Vehumet.
  3929 | D:5      | Found a runed translucent gate.
  3935 | D:5      | Found a runed translucent gate.
  3940 | D:5      | Found a runed translucent gate.
  4109 | D:5      | Noticed Dowan
  4111 | D:5      | Found a broken altar of Ashenzari.
  4111 | D:5      | Noticed an ogre
  4114 | D:5      | Killed an ogre
  4115 | D:5      | Reached skill level 1 in Evocations
  4115 | D:5      | Reached XP level 7. HP: 48/48 MP: 8/11
  4115 | D:5      | Noticed Duvessa
  4200 | D:5      | Killed Dowan
  4209 | D:5      | Killed Duvessa
  4327 | D:5      | Found an opulent altar of Gozag.
  4328 | D:5      | Noticed ASSMAN's ghost (amateur DrTm)
  4329 | D:5      | Noticed a troll
  4365 | D:5      | Found a staircase to the Ecumenical Temple.
  4393 | Temple   | Entered the Ecumenical Temple
  4401 | Temple   | Became a worshipper of Kikubaaqudgha
  4792 | D:6      | Reached XP level 8. HP: 58/58 MP: 10/12
  4814 | D:6      | Learned a level 3 spell: Stone Arrow
  4858 | D:6      | Found a basalt altar of Yredelemnul.
  4865 | D:6      | Reached skill level 1 in Necromancy
  5557 | D:7      | Noticed a hornet
  5564 | D:7      | Killed a hornet
  5564 | D:7      | Noticed Joseph
  5728 | D:6      | Learned a level 4 spell: Petrify
  5864 | D:7      | Reached skill level 6 in Earth Magic
  5897 | D:7      | Found a transporter.
  5911 | D:7      | Noticed browni3141's ghost (novice HuEE)
  6007 | D:7      | Found a hazy altar of Hepliaklqana.
  6013 | D:7      | Reached XP level 9. HP: 53/65 MP: 11/15
  6014 | D:7      | Reached * piety under Kikubaaqudgha
  6014 | D:7      | Received a gift from Kikubaaqudgha
  6096 | D:7      | Killed Joseph
  6097 | D:7      | Reached skill level 7 in Earth Magic
  6278 | D:7      | Reached skill level 8 in Earth Magic
  6543 | D:7      | Reached skill level 1 in Short Blades
  6605 | D:7      | Found a transporter.
  6920 | D:7      | Identified the +1 kite shield of Lutiym {Harm rN+ Dex-5}
  7095 | D:8      | Noticed Maggie
  7147 | D:8      | Killed Maggie
  7152 | D:8      | HP: 3/65 [poisoned by a killer bee]
  7307 | D:8      | Reached XP level 10. HP: 54/71 MP: 14/16
  7308 | D:8      | Reached skill level 9 in Earth Magic
  7737 | D:8      | Learned a level 5 spell: Lee's Rapid Deconstruction
  7757 | D:8      | Reached skill level 5 in Stealth
  8054 | D:8      | Reached skill level 10 in Earth Magic
  8165 | D:8      | Reached ** piety under Kikubaaqudgha
  8414 | D:8      | Noticed Erica
  8419 | D:8      | Killed Erica
  8471 | D:9      | Noticed Pikel
  8478 | D:9      | Killed Pikel
  8479 | D:9      | Reached skill level 5 in Fighting
  9034 | D:9      | Noticed Gastronok
  9052 | D:8      | Reached XP level 11. HP: 81/81 MP: 14/17
  9185 | D:9      | Reached *** piety under Kikubaaqudgha
  9185 | D:9      | Received a gift from Kikubaaqudgha
  9190 | D:9      | Reached skill level 5 in Evocations
  9310 | D:9      | Killed from afar by Gastronok

Illustrated notes

Levels and vault maps discovered:
D:1:      amcnicky_arrival_wind_blow, layout_basic, dreamdust_mushroom_princess,
          minivault_4
D:2:      minmay_angry_zag, layout_loops_ring, minmay_pentomino_x4, uniq_jessica
D:3:      layout_loops_ring, grunt_ministairs_11
D:4:      layout_cave_pods, gammafunk_ghost_split,
          minmay_misc_feat_secret_circle
D:5:      layout_basic, nicolae_ashenzari_skybound, vehumet_crystals,
          minmay_temple_entry_offerings, ebering_ghost_gozag,
          nicolae_figureground_sparkle, uniq_duvessa, uniq_blork_the_orc
D:6:      layout_cave_pods, mainiacjoe_overflow_chevrons
D:7:      layout_loops_ring, nicolae_hepliaklqana_hazy_memory,
          gammafunk_ghost_gnarly_gnolls, chequers_garden, st_stairs_14,
          minmay_misc_feat_nine_boxes, uniq_joseph
D:8:      layout_loops_corners, minmay_misc_feat_x,
          nicolae_straight_to_the_point, uniq_maggie, uniq_erica
D:9:      layout_basic, special_room [special_room_orc], serial_shops,
          nicolae_shop_bloodbath_and_beyond, uniq_gastronok, uniq_pikel
Temple:   nicolae_temple_bog_church

Skill      XL: |  1  2  3  4  5  6  7  8  9 10 11 |
---------------+----------------------------------+-----
Fighting       | 1 3 4 5 6 |  6.0
Transmutations | 2 |  2.0
Translocations | 1 3 4 |  4.0
Earth Magic    | 4 5 6 8 10 | 10.2
Spellcasting   | 3 4 |  4.0
Evocations     | 1 3 4 5 |  5.0
Necromancy     | 3 |  3.0
Short Blades   | 3 4 |  4.0
Stealth        | 4 5 |  5.0
Dodging        | 4 |  4.0

Action                     |  1- 3 |  4- 6 |  7- 9 | 10-12 || total
---------------------------+-------+-------+-------+-------++-------
  Melee: Unarmed           |     4 |       |       |       ||     4
         Whip              |       |    38 |       |       ||    38
         Punch             |       |     2 |     1 |     1 ||     4
         Dagger            |       |       |    58 |    35 ||    93
   Cast: Sandblast         |    41 |    91 |    71 |    87 ||   290
         Petrify           |       |       |     1 |     6 ||     7
         Stone Arrow       |       |       |     1 |       ||     1
  Evoke: Wand              |       |     3 |    12 |     6 ||    21
    Use: Scroll            |     1 |     1 |     6 |     3 ||    11
         Potion            |       |       |     1 |     1 ||     2
   Stab: Sleeping          |       |     1 |     1 |     1 ||     3
         Petrified         |       |       |     6 |     7 ||    13
         Petrifying        |       |       |       |     1 ||     1
 Armour: Robe              |     6 |    23 |    27 |       ||    56
         Steam dragon scal |       |       |    16 |    48 ||    64
  Dodge: Dodged            |     9 |    69 |    78 |    78 ||   234

Table legend: (Time is in decaauts)
 A = Elapsed time spent in this place.
 B = Non-inter-level travel time spent in this place.
 C = Inter-level travel time spent in this place.
 D = Time resting spent in this place.
 E = Time spent auto-exploring this place.
 F = Levels seen in this place.
 G = Mean time per level.
                   A        B        C        D        E       F      G
               +--------+--------+--------+--------+--------+-----+--------+
         Total |   9470 |   9157 |    313 |    763 |   7005 |  10 |  947.0 |
       Dungeon |   9455 |   9147 |    308 |    763 |   7000 |   9 | 1050.6 |
        Temple |     14 |      9 |      5 |      0 |      5 |   1 |   14.0 |
               +--------+--------+--------+--------+--------+-----+--------+

Top non-repeatable levels by time:
     D:8: 1700 daAuts
     D:6: 1172 daAuts
     D:7: 1140 daAuts
     D:1: 1019 daAuts
     D:5: 968 daAuts
     D:3: 936 daAuts
     D:2: 908 daAuts
     D:4: 880 daAuts
     D:9: 727 daAuts
  Temple: 14 daAuts
